 Dungeon Crawl Stone Soup version 0.31-a0-981-geadf994542 (webtiles) character file.

Game seed: 6546732973360720647

24836 sokol815 the Impaler (level 13, -10/88 HPs)
             Began as an Octopode Fighter on Nov 1, 2023.
             Was an Initiate of Gozag.
             Mangled by a five-headed hydra (11 damage)
             ... on level 3 of the Lair of Beasts.
             The game lasted 00:25:52 (12525 turns).

sokol815 the Impaler (Octopode Fighter)            Turns: 12525, Time: 00:25:53

Health: -10/88     AC:  5    Str: 17    XL:     13   Next: 15%
Magic:  13/13      EV: 24    Int: 10    God:    Gozag
Gold:   3196       SH:  0    Dex: 21    Spells: 12/12 levels left

rFire   + . .        u - +3 scimitar (flame)
rCold   x . .        (no shield)
rNeg    . . .        j - +0 hat of Lilacs {+Inv Regen+ SInv}
rPois   .            F - amulet of the acrobat
rElec   .            A - +4 ring of protection
rCorr   .            f - ring of fire {rF+, rC-}
SInv    +            L - +6 ring of dexterity
Will    .....        (no ring)
Stlth   +++          (no ring)
HPRegen 1.14/turn    (no ring)
MPRegen 0.13/turn    (no ring)
                     (no ring)

%: acrobat
@: no status effects
A: almost no armour, amphibious, 8 rings, camouflage 1, gelatinous body 1,
(nimble swimmer 1), tentacles
a: Renounce Religion, Evoke Invisibility, Potion Petition, Call Merchant, Bribe
Branch


You were on level 3 of the Lair of Beasts.
You worshipped Gozag.
Gozag was most pleased with you.
You visited 3 branches of the dungeon, and saw 14 of its levels.
You also visited: Ossuary and Volcano.

You collected 3755 gold pieces.
You spent 469 gold pieces at shops.
You paid 90 gold pieces to Gozag.

Inventory:

Hand Weapons
 a - a +7 spectral halberd
   (You bought it in a shop on level 3 of the Dungeon)
 l - a +0 antimagic spear
   (You took it off a gnoll on level 4 of the Dungeon)
 t - a +0 hand axe
   (You took it off an orc on level 3 of the Dungeon)
 u - a +3 scimitar of flaming (weapon)
   (You took it off Erica on level 8 of the Dungeon)
 v - a +0 scimitar of flaming
   (You took it off an efreet on level 9 of the Dungeon)
 x - a +0 trident
 z - a +7 dire flail
   (You took it off Edmund on level 5 of the Dungeon)
 G - a +1 whip of electrocution
   (You took it off Pikel on level 8 of the Dungeon)
 U - a +1 executioner's axe of flaming
   (You found it in a volcano)
Missiles
 k - 36 poisoned darts
 r - 10 boomerangs
 s - 135 stones
 R - 3 darts of dispersal {=f}
 X - a curare-tipped dart
Armour
 j - the +0 hat of Lilacs (worn) {+Inv Regen+ SInv}
   (You acquired it on level 8 of the Dungeon)

   SInv:      It lets you see invisible.
   +Inv:      It lets you turn invisible.
   Regen+:    It increases your rate of health regeneration.
 S - a +2 buckler
   (You took it off a spriggan on level 1 of the Lair of Beasts)
Magical Staves
 b - a staff of poison {rPois}
   (You found it on level 1 of the Lair of Beasts)
 i - a staff of cold {rC+}
   (You found it on level 6 of the Dungeon)
Jewellery
 f - a ring of fire (right tentacle) {rF+, rC-}
   (You bought it in a shop on level 3 of the Dungeon)
 h - an amulet of magic regeneration
   (You found it on level 1 of the Dungeon)
 o - an amulet of the acrobat
   (You took it off a kobold on level 8 of the Dungeon)
 A - a +4 ring of protection (left tentacle)
   (You found it on level 3 of the Dungeon)
 F - an amulet of the acrobat (around mantle)
   (You found it on level 4 of the Dungeon)
 L - a +6 ring of dexterity (on tentacle)
   (You found it on level 1 of the Lair of Beasts)
 V - a ring of see invisible {sInv, !d}
   (You found it on level 2 of the Lair of Beasts)
 W - an amulet of guardian spirit
   (You found it on level 2 of the Lair of Beasts)
Talismans
 m - a serpent talisman
   (You found it on level 2 of the Dungeon)
 Q - a maw talisman
   (You found it on level 1 of the Lair of Beasts)
Wands
 d - a wand of digging (6)
   (You found it on level 7 of the Dungeon)
 e - a wand of charming (19)
   (You found it on level 6 of the Dungeon)
 q - a wand of flame (30)
   (You found it on level 2 of the Dungeon)
 y - a wand of mindburst (6)
   (You found it on level 1 of the Lair of Beasts)
Scrolls
 c - a scroll of torment {!r}
 g - 3 scrolls of fog
 p - a scroll of amnesia
 w - a scroll of brand weapon
 C - 4 scrolls of poison {!r}
 E - a scroll of fear
 K - a scroll of immolation {!r}
 O - a scroll of silence
 Y - a scroll of teleportation {@r3}
Potions
 n - 4 potions of attraction {!q}
 B - 5 potions of brilliance
 D - a potion of might
 H - 4 potions of haste
 I - a potion of cancellation
 J - 5 potions of curing {@q1}
 M - 4 potions of magic
 N - 2 potions of heal wounds {@q2}
 P - a potion of lignification {!q}
 T - a potion of berserk rage {!q}


   Skills:
 + Level 7.9 Fighting
 - Level 16.0 Polearms
 - Level 14.3 Dodging
 - Level 4.1 Shields
 + Level 8.4 Evocations


You had 12 spell levels left.
You didn't know any spells.
Your spell library contained the following spells:

 Spells                   Type           Power      Damage    Failure   Level
 Necrotise                Necr           0%         1d4       36%         1
 Shock                    Conj/Air       0%         1d3       36%         1
 Summon Small Mammal      Summ           0%         N/A       36%         1
 Cigotuvi's Dreadful Rot  Necr/Pois/Air  0%         N/A       50%         2
 Lesser Beckoning         Tloc           0%         N/A       50%         2
 Call Canine Familiar     Summ           0%         N/A       75%         3
 Gell's Gravitas          Tloc           0%         N/A       75%         3
 Stone Arrow              Conj/Erth      0%         3d7       75%         3
 Summon Guardian Golem    Hex/Summ       0%         N/A       75%         3
 Swiftness                Air            0%         N/A       75%         3
 Teleport Other           Tloc           0%         N/A       75%         3
 Tukima's Dance           Hex            0%         N/A       75%         3
 Vampiric Draining        Necr           0%         2d6       75%         3
 Airstrike                Air            0%         2d(0-16)  98%         4
 Dispel Undead            Necr           0%         3d6       98%         4
 Passage of Golubria      Tloc           0%         N/A       98%         4
 Summon Ice Beast         Ice/Summ       0%         N/A       98%         4
 Agony                    Necr           0%         N/A       100%        5
 Summon Mana Viper        Hex/Summ       0%         N/A       100%        5
 Yara's Violent Unravell  Hex/Tmut       0%         3d3       100%        5
 Death Channel            Necr           0%         N/A       100%        6
 Monstrous Menagerie      Summ           0%         N/A       100%        7
 Lehudib's Crystal Spear  Conj/Erth      0%         10d2      100%        8
 Animate Armour           Summ/Erth      Unusable   N/A       N/A         4

Dungeon Overview and Level Annotations

Branches:
Dungeon (10/15) Zot: 25738  Temple (1/1) D:4 Zot: 5971    Lair (3/5) D:10 Zot: 15883
 Shoals (0/4) Lair:2       Spider (0/4) Lair:2          Orc (0/2) D:10
Ossuary (visited)         Volcano (visited)

Altars:
Ashenzari
Cheibriados
Dithmenos
Elyvilon
Fedhas
Gozag
Hepliaklqana
Kikubaaqudgha
Makhleb
Nemelex Xobeh
Okawaru
Qazlal
Ru
Sif Muna
Trog
Uskayaw
Vehumet
Wu Jian
Xom
Yredelemnul
Zin
The Shining One

Shops:
D:3 [(?*[   D:5 [   D:7 (   D:9 !

Annotations:
D:7 3 runed translucent doors, tinescath's ghost, novice GnSh
D:8 1 runed translucent door, GreenGuy14's ghost, novice DrFi
D:10 3 runed translucent doors, jlumianski's ghost, journeyman GnSh


Innate Abilities, Weirdness & Mutations

You cannot wear most types of armour.
You are amphibious.
You can wear up to eight rings at the same time.
Your skin changes colour to match your surroundings (Stealth+).
Your rubbery body absorbs attacks. (AC +1, EV +1)
((You are camouflaged when in or above water. (Stealth+)))
You have tentacles for arms and can constrict up to eight enemies at once.


Message History

A yak comes into view.
Your +7 spectral halberd disappears.
Things that are here:
6 gold pieces; a scroll labelled XAWU MUIT IREN
As you read the scroll of identify {@r1}, it crumbles to dust. a scroll of torment
c - a scroll of torment {!r} You now have 3196 gold pieces (gained 6). 2 yaks come into view.
The yak bellows! x3; You hear a roar!
The yak completely misses you.
You slash the yak! You squeeze the yak.
Your +7 spectral halberd hits the yak!
You impale the yak!! Your squeeze misses the yak.
Your +7 spectral halberd hits the yak.
You kill the yak!
The yak gores you!
You take 7 damage, and have 81/88 hp.
You slash the yak! You tentacle-slap the yak.
Your +7 spectral halberd hits the yak from afar!!
You slice the yak!!
You kill the yak!
Your +7 spectral halberd disappears.
A seven-headed hydra comes into view.
You barely miss the yak.
The seven-headed hydra roars!
Your squeeze misses the yak.
Your +7 spectral halberd hits the yak!
The yak barely misses you.
You impale the yak!! You squeeze the yak.
Your +7 spectral halberd barely misses the yak.
The yak gores you but does no damage.
You slash the yak!
You kill the yak!
Your +7 spectral halberd disappears.
You see here 11 gold pieces.
Okay, then.
You chop one of the seven-headed hydra's heads off!
The six-headed hydra grows two more!
You hit the eight-headed hydra.
Your +7 spectral halberd hits the eight-headed hydra from afar.
Your +7 spectral halberd chops one of the eight-headed hydra's heads off!
The seven-headed hydra grows two more!
The nine-headed hydra bites you but does no damage.
The nine-headed hydra barely misses you.
The nine-headed hydra bites you.
The nine-headed hydra barely misses you.
The nine-headed hydra closely misses you.
The nine-headed hydra completely misses you.
The nine-headed hydra misses you. x2; The nine-headed hydra bites you.
You take 3 damage, and have 84/88 hp.
Your +7 spectral halberd disappears.
Your +3 scimitar of flaming bursts into flame!
u - a +3 scimitar of flaming (weapon)
You slice one of the nine-headed hydra's heads off!
The flame cauterises the wound!
You slash the eight-headed hydra! You burn the eight-headed hydra.
The eight-headed hydra bites you! The eight-headed hydra bites you.
The eight-headed hydra misses you. x2
The eight-headed hydra bites you! The eight-headed hydra misses you.
The eight-headed hydra bites you. The eight-headed hydra bites you!
The eight-headed hydra closely misses you.
The eight-headed hydra misses you.
The eight-headed hydra completely misses you. x4
The eight-headed hydra closely misses you.
The eight-headed hydra completely misses you.
You take 31 damage, and have 53/88 hp.
MASSIVE DAMAGE!!
You hack one of the eight-headed hydra's heads off!
The flame cauterises the wound!
You slash the seven-headed hydra! You burn the seven-headed hydra.
The seven-headed hydra is distracted by your dazzling golden aura.
You regained 2 hp, and now have 55/88 hp.
The seven-headed hydra roars!
You slice one of the seven-headed hydra's heads off!
The flame cauterises the wound!
You slash the six-headed hydra! You burn the six-headed hydra.
The six-headed hydra is no longer distracted by gold.
You squeeze the six-headed hydra.
The six-headed hydra completely misses you.
The six-headed hydra closely misses you.
The six-headed hydra completely misses you.
The six-headed hydra barely misses you. The six-headed hydra bites you.
The six-headed hydra closely misses you.
The six-headed hydra misses you.
The six-headed hydra bites you but does no damage.
The six-headed hydra completely misses you. x2
The six-headed hydra barely misses you. x2
You hack one of the six-headed hydra's heads off!
The flame cauterises the wound!
You hit the five-headed hydra. You burn the five-headed hydra.
You squeeze the five-headed hydra!
The five-headed hydra bites you! x2; The five-headed hydra bites you.
The five-headed hydra barely misses you.
The five-headed hydra bites you!
* * * LOW HITPOINT WARNING * * *
You take 37 damage, and have 18/88 hp.
MASSIVE DAMAGE!!
You barely miss the five-headed hydra. The five-headed hydra bites you.
* * * LOW HITPOINT WARNING * * *
The five-headed hydra bites you!
* * * LOW HITPOINT WARNING * * *
The five-headed hydra bites you!
You die...
Your body crumbles into a pile of gold.

#..........##.. ##
##..........P#..
.###.####...............
..........#..........#..
#....##...............
#.#.$#.###............
#..$.## #...........#
#.#...$.# ##...........
#.....@.# #............
#.....D...###..........
##.......###.#......##.
#.........# ####........
##......... #....##..
#.........# ##...#..#
#.......... ###..##.
...........P #..## .
###.### .


You could see a five-headed hydra.

Vanquished Creatures
  A fire dragon (Volcano)
  Erica (D:8)
  2 two-headed ogres (D:9)
  4 lindwurms (Volcano)
  Pikel (D:8)
  2 manticores
  A smoke demon (Volcano)
  2 black mambas
  A gargoyle (D:10)
  2 rime drakes
  5 cane toads
  An efreet (D:9)
  3 komodo dragons
  A meliai (Lair:2)
  A wind drake (Lair:2)
  2 trolls (D:10)
  Prince Ribbit (D:8)
  A hornet (D:9)
  10 blink frogs
  Sigmund (D:4)
  A shadow (D:10)
  3 spriggans (Lair:1)
  2 wraiths (D:9)
  24 yaks
  A vampire (D:10)
  Eustachio (D:5)
  2 wyverns
  A basilisk (Lair:1)
  5 steam dragons
  Edmund (D:5)
  4 hell hounds (Volcano)
  7 water moccasins
  4 orc warriors
  3 ice beasts (D:10)
  An ogre (D:3)
  3 centaurs
  17 wolves
  2 kobold brigands
  3 elf zombies (Ossuary)
  8 bullfrogs
  2 scorpions
  3 wights
  4 killer bees (Lair:2)
  3 electric eels (D:10)
  A howler monkey (D:9)
  5 hounds
  4 orc priests
  A human zombie (Ossuary)
  2 jellies
  4 iguanas
  10 orc wizards
  7 hell rats (Lair:1)
  A hound zombie (Ossuary)
  3 mummies (Ossuary)
  12 gnolls (D:4)
  5 adders
  2 ufetubi (D:6)
  2 adder zombies (Ossuary)
  3 worms
  2 dart slugs
  45 orcs
  9 endoplasms
  6 giant cockroaches
  A gnoll zombie (Ossuary)
  27 goblins
  21 hobgoblins
  6 jackals
  16 kobolds
  2 quokkas
  11 ball pythons
  2 bats
  4 frilled lizards
  6 goblin zombies (Ossuary)
  2 hobgoblin zombies (Ossuary)
  3 jackal zombies (Ossuary)
  4 kobold zombies (Ossuary)
  2 orc zombies (Ossuary)
  3 quokka zombies (Ossuary)
  6 rats
  6 rat zombies (Ossuary)
394 creatures vanquished.

Vanquished Creatures (others)
  An arcanist (D:6)
  A spectral weapon (Lair:1)
2 creatures vanquished.

Grand Total: 396 creatures vanquished

Notes
Turn   | Place    | Note
-------+----------+-------------------------------------------
     0 | D:1      | sokol815 the Octopode Fighter began the quest for the Orb.
     0 | D:1      | Reached XP level 1. HP: 16/16 MP: 1/1
   206 | D:1      | Reached XP level 2. HP: 19/21 MP: 2/2
   659 | D:2      | Reached XP level 3. HP: 26/26 MP: 3/3
   813 | D:2      | You fall into a shaft and drop 1 floor!
   813 | D:3      | Found Udwyop's Armour Shop.
  1354 | D:3      | Found Hoololen's General Store.
  1404 | D:3      | Reached XP level 4. HP: 24/32 MP: 4/4
  1531 | D:3      | Noticed an ogre
  1546 | D:3      | Killed an ogre
  1547 | D:3      | Reached skill level 3 in Polearms
  1547 | D:3      | Reached skill level 4 in Dodging
  1547 | D:3      | Reached XP level 5. HP: 27/37 MP: 5/5
  1548 | D:3      | Reached skill level 4 in Fighting
  1618 | D:3      | Found Cefaplol's Magic Scroll Shoppe.
  1620 | D:3      | Reached skill level 4 in Shields
  1702 | D:3      | Found Genit's Antique Weapon Shoppe.
  1819 | D:3      | Found Kamixoj's Armour Shop.
  2067 | D:4      | Found a staircase to the Ecumenical Temple.
  2075 | Temple   | Entered the Ecumenical Temple
  2089 | Temple   | Became a worshipper of Gozag Ym Sagoz the Greedy
  2346 | D:4      | Noticed Sigmund
  2633 | D:4      | Reached XP level 6. HP: 38/43 MP: 6/6
  2742 | D:5      | Entered Level 5 of the Dungeon
  2806 | D:3      | Bought a runed halberd for 119 gold pieces
  2995 | D:5      | Found Qeysicef's Antique Armour Emporium.
  3191 | D:5      | Reached skill level 4 in Polearms
  3332 | D:5      | Reached XP level 7. HP: 42/48 MP: 7/7
  3422 | D:5      | Reached skill level 5 in Polearms
  3532 | D:5      | Noticed Eustachio
  3539 | D:5      | Killed Eustachio
  3540 | D:5      | Reached skill level 6 in Polearms
  3672 | D:5      | Noticed Edmund
  3679 | D:5      | Killed Edmund
  4127 | D:6      | Reached skill level 7 in Polearms
  4215 | D:6      | Identified the +2 pair of boots of Vitij {rF+ rN+ Int+2}
  4244 | D:6      | Reached XP level 8. HP: 47/54 MP: 8/8
  4325 | D:6      | Found a sand-covered staircase.
  4340 | Ossuary  | Entered an ossuary
  4381 | Ossuary  | Reached skill level 8 in Polearms
  4776 | D:6      | Noticed a manticore
  4783 | D:6      | Killed a manticore
  4784 | D:6      | Reached skill level 9 in Polearms
  4815 | D:6      | Found a blossoming altar of Fedhas.
  4875 | D:6      | Reached skill level 10 in Polearms
  4875 | D:6      | Reached XP level 9. HP: 58/58 MP: 9/9
  4913 | D:6      | Found a bloodstained altar of Trog.
  4914 | D:6      | Noticed an arcanist
  4919 | D:6      | Killed an arcanist
  5213 | D:4      | Killed Sigmund
  6169 | D:7      | Reached skill level 11 in Polearms
  6392 | D:7      | Found Gycaur's Weapon Shoppe.
  6629 | D:7      | Found a runed translucent gate.
  6629 | D:7      | Found a runed translucent gate.
  6629 | D:7      | Found a runed translucent gate.
  6633 | D:7      | Noticed tinescath's ghost (novice GnSh)
  6861 | D:8      | Noticed GreenGuy14's ghost (novice DrFi)
  6862 | D:8      | Found a runed translucent door.
  7106 | D:8      | Noticed Pikel
  7114 | D:8      | Killed Pikel
  7115 | D:8      | Reached skill level 12 in Polearms
  7176 | D:8      | Found a sparkling altar of Nemelex Xobeh.
  7181 | D:8      | Found a sacrificial altar of Ru.
  7195 | D:8      | Found an ornate altar of the Wu Jian Council.
  7260 | D:8      | Noticed Prince Ribbit
  7262 | D:8      | Noticed Erica
  7272 | D:8      | Killed Prince Ribbit
  7273 | D:8      | Reached XP level 10. HP: 64/64 MP: 10/10
  7279 | D:8      | Reached skill level 13 in Polearms
  7493 | D:8      | Killed Erica
  7494 | D:8      | Reached skill level 14 in Polearms
  7853 | D:8      | Identified a scroll of acquirement
  7853 | D:8      | Acquired the +0 hat of Lilacs {+Inv Regen+ SInv}
  7915 | D:9      | Reached skill level 1 in Evocations
  8149 | D:9      | Reached skill level 2 in Evocations
  8221 | D:9      | Found Toyssar's Distillery.
  8235 | D:9      | Reached skill level 3 in Evocations
  8257 | D:9      | Noticed a two-headed ogre
  8262 | D:9      | Killed a two-headed ogre
  8263 | D:9      | Reached skill level 4 in Evocations
  8308 | D:9      | Noticed a two-headed ogre
  8312 | D:9      | Killed a two-headed ogre
  8313 | D:9      | Reached skill level 5 in Evocations
  8313 | D:9      | Reached XP level 11. HP: 60/69 MP: 11/11
  8457 | D:9      | Reached skill level 15 in Polearms
  8758 | D:10     | Entered Level 10 of the Dungeon
  8789 | D:10     | Found a staircase to the Orcish Mines.
  8829 | D:10     | Acquired a manual of Dodging
  8919 | D:10     | Reached skill level 5 in Dodging
  8995 | D:10     | Found a broken altar of Ashenzari.
  9021 | D:10     | Reached skill level 6 in Evocations
  9095 | D:10     | Found a runed translucent gate.
  9096 | D:10     | Found a runed translucent gate.
  9097 | D:10     | Found a runed translucent gate.
  9119 | D:10     | Reached skill level 6 in Dodging
  9141 | D:10     | Found a staircase to the Lair.
  9183 | D:10     | Reached skill level 7 in Dodging
  9351 | D:10     | Reached skill level 8 in Dodging
  9489 | D:10     | Noticed jlumianski's ghost (journeyman GnSh)
  9687 | Lair:1   | Entered Level 1 of the Lair of Beasts
  9854 | D:3      | Bought a ring of fire for 350 gold pieces
 10049 | Lair:1   | Reached skill level 9 in Dodging
 10098 | Lair:1   | Reached skill level 10 in Dodging
 10114 | Lair:1   | Found a dark tunnel.
 10119 | Volcano  | Entered a volcano
 10166 | Volcano  | Reached XP level 12. HP: 74/74 MP: 12/12
 10216 | Volcano  | Reached skill level 11 in Dodging
 10311 | Volcano  | Reached skill level 16 in Polearms
 10311 | Volcano  | Reached skill level 12 in Dodging
 10364 | Volcano  | Noticed a fire dragon
 10371 | Volcano  | Killed a fire dragon
 10657 | Lair:1   | Reached skill level 13 in Dodging
 10668 | Lair:1   | Reached skill level 5 in Fighting
 10765 | Lair:1   | Reached skill level 14 in Dodging
 11485 | Lair:2   | Reached skill level 6 in Fighting
 11533 | Lair:2   | Reached skill level 7 in Evocations
 11686 | Lair:2   | Found a staircase to the Shoals.
 11690 | Lair:2   | Reached skill level 7 in Fighting
 11693 | Lair:2   | Reached XP level 13. HP: 63/86 MP: 13/13
 11899 | Lair:2   | Found a hole to the Spider Nest.
 12357 | Lair:3   | Reached skill level 8 in Evocations
 12524 | Lair:3   | HP: 18/88 [five-headed hydra (11)]
 12525 | Lair:3   | HP: 1/88 [five-headed hydra (13)]
 12525 | Lair:3   | Mangled by a five-headed hydra

Illustrated notes

Levels and vault maps discovered:
D:1:      giann_bridges, layout_basic
D:2:      layout_loops_ring
D:3:      layout_basic, serial_shops, nicolae_shop_statue_plus,
          nicolae_shop_tiny_statue_garden, shop, nicolae_shop_rolled_up, shop
D:4:      minmay_goblin_kobold_castle, layout_cave_pods, temple_fountains,
          uniq_sigmund
D:5:      layout_loops_corners, serial_shops, nicolae_stop_n_shop_2,
          kennysheep_flooded_box, uniq_edmund, uniq_eustachio
D:6:      layout_rooms, trog_wizard, lemuel_coloured_pillars_altar,
          serial_glass, glass_columns_c, glass_columns_a,
          nicolae_ossuary_entry_ruins, kennysheep_generic_room_12
D:7:      layout_cave_pools, biasface_ghost_orc_armoury, serial_shops,
          nicolae_shop_bloodbath_and_beyond
D:8:      layout_rooms, nicolae_ru_the_path_less_chosen,
          mainiacjoe_overflow_divided_tiny, hellmonk_ghost_happy_afterlife,
          uniq_prince_ribbit1, uniq_pikel, uniq_erica
D:9:      layout_gridville, serial_shops, shop, hangedman_decor_peaks_small,
          minivault_20
D:10:     layout_basic, evilmike_ruin_ashenzari, hellmonk_lair_entry_icy,
          gammafunk_ghost_necromancy, amethyst_killhole
Temple:   lightli_temple_of_artemis
Lair:1:   layout_gridlike, enter_volcano_4, wad_woods_02, grunt_megastairs_1
Lair:2:   layout_long_grid, minmay_shoals_entry_beasts,
          hellmonk_spider_entry_not_the_bees, lemuel_fruit_fields
Lair:3:   layout_cave_pods, lemuel_fruit_fields

Skill      XL: |  1  2  3  4  5  6  7  8  9 10 11 12 13 |
---------------+----------------------------------------+-----
Polearms       | 3 4 7 10 12 14 15 16 | 16.0
Dodging        | 4 10 14 | 14.3
Fighting       | 4 7 |  7.9
Shields        | 4 |  4.1
Evocations     | 5 6 7 8 |  8.4

Action                     |  1- 3 |  4- 6 |  7- 9 | 10-12 | 13-15 || total
---------------------------+-------+-------+-------+-------+-------++-------
  Melee: Trident           |    67 |    80 |       |       |       ||   147
         Constrict         |    14 |    13 |    45 |    33 |     9 ||   114
         Tentacles         |    10 |     9 |    39 |    55 |    10 ||   123
         Halberd           |       |    31 |   285 |   336 |    40 ||   692
         Punch             |       |     1 |     1 |     3 |     3 ||     8
         Scimitar          |       |       |       |       |     5 ||     5
  Evoke: Wand              |       |       |       |     2 |       ||     2
    Use: Scroll            |     1 |     6 |     7 |    14 |     2 ||    30
         Potion            |       |       |       |     2 |       ||     2
   Stab: Sleeping          |    11 |     8 |    13 |     5 |     1 ||    38
         Distracted        |       |     1 |     5 |    12 |     1 ||    19
 Armour: Skin              |    11 |    31 |    83 |    70 |    23 ||   218
  Dodge: Dodged            |    19 |    41 |   114 |    99 |    43 ||   316
  Block: Buckler           |     6 |    11 |       |       |       ||    17

Table legend: (Time is in decaauts)
 A = Elapsed time spent in this place.
 B = Non-inter-level travel time spent in this place.
 C = Inter-level travel time spent in this place.
 D = Time resting spent in this place.
 E = Time spent auto-exploring this place.
 F = Levels seen in this place.
 G = Mean time per level.
                   A        B        C        D        E       F      G
               +--------+--------+--------+--------+--------+-----+--------+
         Total |  12518 |  11568 |    950 |    353 |   9049 |  16 |  782.4 |
       Dungeon |   9623 |   8778 |    845 |    276 |   6998 |  10 |  962.3 |
        Temple |     28 |      1 |     27 |      0 |      0 |   1 |   28.0 |
          Lair |   2115 |   2037 |     78 |     24 |   1646 |   3 |  705.0 |
       Ossuary |    423 |    423 |      0 |      0 |    301 |   1 |  423.0 |
       Volcano |    326 |    326 |      0 |     53 |    104 |   1 |  326.0 |
               +--------+--------+--------+--------+--------+-----+--------+

Top non-repeatable levels by time:
     D:4: 1667 daAuts
     D:5: 1243 daAuts
  Lair:1: 1079 daAuts
     D:8: 1046 daAuts
    D:10: 986 daAuts
     D:9: 906 daAuts
     D:3: 895 daAuts
  Lair:2: 855 daAuts
     D:7: 841 daAuts
     D:6: 715 daAuts
     D:2: 667 daAuts
     D:1: 652 daAuts
 Ossuary: 423 daAuts
 Volcano: 326 daAuts
  Lair:3: 180 daAuts

Levels and vault maps discovered:
D:1:      giann_bridges, layout_basic
D:2:      layout_loops_ring
D:3:      layout_basic, serial_shops, nicolae_shop_statue_plus,
          nicolae_shop_tiny_statue_garden, shop, nicolae_shop_rolled_up, shop
D:4:      minmay_goblin_kobold_castle, layout_cave_pods, temple_fountains,
          uniq_sigmund
D:5:      layout_loops_corners, serial_shops, nicolae_stop_n_shop_2,
          kennysheep_flooded_box, uniq_edmund, uniq_eustachio
D:6:      layout_rooms, trog_wizard, lemuel_coloured_pillars_altar,
          serial_glass, glass_columns_c, glass_columns_a,
          nicolae_ossuary_entry_ruins, kennysheep_generic_room_12
D:7:      layout_cave_pools, biasface_ghost_orc_armoury, serial_shops,
          nicolae_shop_bloodbath_and_beyond
D:8:      layout_rooms, nicolae_ru_the_path_less_chosen,
          mainiacjoe_overflow_divided_tiny, hellmonk_ghost_happy_afterlife,
          uniq_prince_ribbit1, uniq_pikel, uniq_erica
D:9:      layout_gridville, serial_shops, shop, hangedman_decor_peaks_small,
          minivault_20
D:10:     layout_basic, evilmike_ruin_ashenzari, hellmonk_lair_entry_icy,
          gammafunk_ghost_necromancy, amethyst_killhole
Temple:   lightli_temple_of_artemis
Lair:1:   layout_gridlike, enter_volcano_4, wad_woods_02, grunt_megastairs_1
Lair:2:   layout_long_grid, minmay_shoals_entry_beasts,
          hellmonk_spider_entry_not_the_bees, lemuel_fruit_fields
Lair:3:   layout_cave_pods, lemuel_fruit_fields

Table legend: (Time is in decaauts)
 A = Elapsed time spent in this place.
 B = Non-inter-level travel time spent in this place.
 C = Inter-level travel time spent in this place.
 D = Time resting spent in this place.
 E = Time spent auto-exploring this place.
 F = Levels seen in this place.
 G = Mean time per level.
                   A        B        C        D        E       F      G
               +--------+--------+--------+--------+--------+-----+--------+
         Total |  12518 |  11568 |    950 |    353 |   9049 |  16 |  782.4 |
       Dungeon |   9623 |   8778 |    845 |    276 |   6998 |  10 |  962.3 |
        Temple |     28 |      1 |     27 |      0 |      0 |   1 |   28.0 |
          Lair |   2115 |   2037 |     78 |     24 |   1646 |   3 |  705.0 |
       Ossuary |    423 |    423 |      0 |      0 |    301 |   1 |  423.0 |
       Volcano |    326 |    326 |      0 |     53 |    104 |   1 |  326.0 |
               +--------+--------+--------+--------+--------+-----+--------+

Top non-repeatable levels by time:
     D:4: 1667 daAuts
     D:5: 1243 daAuts
  Lair:1: 1079 daAuts
     D:8: 1046 daAuts
    D:10: 986 daAuts
     D:9: 906 daAuts
     D:3: 895 daAuts
  Lair:2: 855 daAuts
     D:7: 841 daAuts
     D:6: 715 daAuts
     D:2: 667 daAuts
     D:1: 652 daAuts
 Ossuary: 423 daAuts
 Volcano: 326 daAuts
  Lair:3: 180 daAuts

Table legend:
 A = Kills in this place as a percentage of kills in the entire game.
 B = Kills by you in this place as a percentage of kills by you in the entire game.
 C = Kills by friends in this place as a percentage of kills by friends in the entire game.
 D = Other kills in this place as a percentage of other kills in the entire game.
 E = Experience gained in this place as a percentage of experience gained in the entire game.
 F = Experience gained in this place divided by the number of levels of this place that you have seen.
                   A       B       C       D       E      F
               +-------+-------+-------+-------+-------+----------------------
         Total | 100.0 | 100.0 |   N/A |   N/A | 100.0 | 2217.5
       Dungeon |  66.5 |  66.5 |   N/A |   N/A |  40.0 | 1417.9
          Lair |  20.8 |  20.8 |   N/A |   N/A |  44.2 | 5223.3
       Ossuary |   9.4 |   9.4 |   N/A |   N/A |   1.2 | 438.0
       Volcano |   3.3 |   3.3 |   N/A |   N/A |  14.6 | 5193.0
               +-------+-------+-------+-------+-------+----------------------
